 Dungeon Crawl Stone Soup version 0.22-a0-422-g9628fc8 (webtiles) character file.

45 MisterFreud the Insei (level 3, -2/26 HPs)
             Began as a Merfolk Transmuter on May 19, 2018.
             Shot with a stone by a kobold (5 damage)
             ... on level 2 of the Dungeon.
             The game lasted 00:02:33 (1513 turns).

MisterFreud the Insei (Merfolk Transmuter)          Turns: 1513, Time: 00:02:34

Health: -2/26      AC:  2    Str: 10    XL:     3   Next: 64%
Magic:  1/6        EV: 13    Int: 13    God:
Gold:   88         SH:  0    Dex: 14    Spells: 0/6 levels left

rFire    . . .     SeeInvis .     - Unarmed
rCold    . . .     Gourm    .   (no shield)
rNeg     . . .     Faith    .   b - +0 robe
rPois    .         Spirit   .   (no helmet)
rElec    .         Reflect  .   (no cloak)
rCorr    .         Harm     .   (no gloves)
MR       .....                  (no boots)
Stlth    +.........             (no amulet)
HPRegen  0.08/turn              (no ring)
MPRegen  0.10/turn              (no ring)

@: very slightly contaminated
A: change form in water, swift swim, stealthy swim
a: no special abilities


You were on level 2 of the Dungeon.
You were very hungry.

You visited 1 branch of the dungeon, and saw 2 of its levels.

You collected 88 gold pieces.

Inventory:

Missiles
 a - 12 arrows
 c - 114 stones (quivered)
 h - 9 sling bullets
Armour
 b - a +0 robe (worn)
Jewellery
 o - an uncursed amulet of magic regeneration {unknown}
Scrolls
 i - 2 scrolls of identify {unknown}
 k - a scroll of magic mapping {unknown}
 l - a scroll of remove curse {unknown}
 m - a scroll of teleportation {unknown}
Potions
 e - 3 potions of flight {unknown}
 f - a potion of curing {unknown}
 g - a potion of might {unknown}
 j - a potion of resistance {unknown}
 n - a potion of magic {unknown}
Comestibles
 d - 2 rations


   Skills:
 - Level 1.1 Fighting
 - Level 2.6 Dodging
 + Level 5.0 Unarmed Combat
 - Level 2.0 Spellcasting
 - Level 2.6 Transmutations


You couldn't memorise any spells.
You knew the following spells:

 Your Spells              Type           Power        Failure   Level  Hunger
a - Beastly Appendage     Tmut           #.....       9%          1    ##.....
b - Sticks to Snakes      Tmut           #.......     13%         2    ###....
c - Spider Form           Tmut/Pois      #.........   41%         3    ####...

Your spell library contained the following spells:

 Spells                   Type           Power        Failure   Level  Hunger
 Blade Hands              Tmut           #.........   93%         5    ######.
 Ice Form                 Ice/Tmut       #.......     82%         4    #####..


Dungeon Overview and Level Annotations

Branches:
Dungeon (2/15)

Altars:

Annotations:
D:2 Terence


Message History

The stone closely misses you.
You see here 4 stones.
The kobold shoots a stone.
The stone barely misses you.
Terence throws a stone.
The stone hits you.
You see here 4 stones.
The kobold shoots a stone.
The stone hits you.
* * * LOW HITPOINT WARNING * * *
Terence throws a stone.
The stone hits you.
* * * LOW HITPOINT WARNING * * *
You see here 6 stones.
The kobold shoots a stone.
The stone completely misses you.
Terence throws a stone.
The stone hits you but does no damage.
You see here 2 stones.
The kobold shoots a stone.
The stone hits you.
* * * LOW HITPOINT WARNING * * *
Terence throws a stone.
The stone barely misses you.
You see here 2 stones.
Terence throws a stone.
The stone barely misses you.
The kobold shoots a stone.
The stone hits you.
You die...

#....# #.#.#
####....#
#(#>#
......@K#
#.#.# #.# #
#.. #(# #(#
#(# #(# #@#
#(# #.#
###########.#
#...........#
#.###########
. #.# .# #.#
.# #.#


You could see Terence and a kobold.

Vanquished Creatures
  An adder (D:2)
  A shadow imp (D:2)
  A dart slug (D:1)
  2 leopard geckos (D:1)
  2 giant cockroaches (D:1)
  4 hobgoblins
  2 kobolds (D:1)
  4 bats
  6 frilled lizards (D:1)
  A goblin (D:1)
  2 rats (D:1)
26 creatures vanquished.

Notes
Turn   | Place    | Note
-------+----------+-------------------------------------------
     0 | D:1      | MisterFreud the Merfolk Transmuter began the quest for the Orb.
     0 | D:1      | Reached XP level 1. HP: 15/15 MP: 3/3
   313 | D:1      | Reached XP level 2. HP: 16/21 MP: 3/5
   317 | D:1      | Learned a level 2 spell: Sticks to Snakes
   381 | D:1      | Reached skill level 4 in Unarmed Combat
   781 | D:1      | Reached XP level 3. HP: 26/26 MP: 6/6
  1174 | D:2      | Found a faded altar of an unknown god.
  1280 | D:2      | Noticed Terence
  1290 | D:2      | Reached skill level 5 in Unarmed Combat
  1462 | D:2      | Learned a level 3 spell: Spider Form
  1513 | D:2      | Shot with a stone by a kobold

Vault maps used:
D:1:      nicolae_arrival_memento_mori, serial_bayou, serial_bayou_lagoon_b,
          serial_bayou_shore_b, serial_bayou_pond_a, serial_bayou_shore_a,
          serial_bayou_pond_b
D:2:      chequers_ecumenical_altar_island, uniq_terence, uniq_natasha

Skill      XL: |  1  2  3 |
---------------+----------+-----
Unarmed Combat | 4 5 |  5.0
Fighting       | |  1.1
Dodging        | |  2.6
Spellcasting   | |  2.0
Transmutations | |  2.6

Action                   || total
-------------------------++-------
Melee: Unarmed           ||    95
       Tailslap          ||     2
       Punch             ||     1
 Cast: Beastly Appendage ||     4
 Stab: Sleeping          ||     1
  Eat: Chunk             ||     1
Armor: Robe              ||    29
Dodge: Dodged            ||    87

Table legend:
 A = Spawn XP
 B = Non-spawn XP
 C = Spawn XP percentage of total XP
 D = Spawn monster count
 E = Non-spawn monster count
 F = Spawn count percentage of total count
 G = Total turns spent on level
                    A         B        C        D         E        F      G
               +---------+---------+-------+---------+---------+-------+---------
         Total |       0 |      65 |   0.0 |       0 |      26 |   0.0 |  1513
               +---------+---------+-------+---------+---------+-------+---------
           D:1 |       0 |      36 |   0.0 |       0 |      21 |   0.0 |  1174
           D:2 |       0 |      29 |   0.0 |       0 |       5 |   0.0 |   339
               +---------+---------+-------+---------+---------+-------+---------
